 Dungeon Crawl Stone Soup version 0.28.0-1-gb440e238dd (webtiles) character file.

Game seed: 4919967544244672713

147 fknight the Chopper (level 5, 0/47 HPs)
             Began as a Hill Orc Monk on Feb 27, 2022.
             Succumbed to an adder's poison
             ... on level 3 of the Dungeon.
             The game lasted 00:08:04 (2951 turns).

fknight the Chopper (Hill Orc Monk)                 Turns: 2951, Time: 00:08:04

Health: 0/47       AC: 12    Str: 16    XL:     5   Next: 29%
Magic:  5/5        EV:  7    Int: 10    God:
Gold:   98         SH:  4    Dex: 19    Spells: 4/4 levels left

rFire   . . .      SeeInvis .   l - staff of poison
rCold   . . .      Faith    .   d - +0 buckler
rNeg    . . .      Spirit   .   f - +0 chain mail
rPois   +          Reflect  .   (no helmet)
rElec   .          Harm     .   (no cloak)
rCorr   .          Rampage  .   (no gloves)
Will    .....                   (no boots)
Stlth   ..........              (no amulet)
HPRegen 0.15/turn               k - +4 ring of protection
MPRegen 0.09/turn               n - +6 ring of dexterity

@: lethally poisoned (0 -> -2)
A: no striking features
a: no special abilities


You were on level 3 of the Dungeon.
You visited 1 branch of the dungeon, and saw 3 of its levels.

You collected 98 gold pieces.

Inventory:

Hand Weapons
 a - a +1 hand axe
 h - a +0 hunting sling
 i - a +1 dagger of speed
Armour
 d - a +0 buckler (worn)
 f - a +0 chain mail (worn)
Magical Staves
 l - a staff of poison (weapon)
Jewellery
 k - a +4 ring of protection (left hand)
 n - a +6 ring of dexterity (right hand)
Potions
 b - a potion of flight {unknown}
 e - 2 potions of lignification {unknown}
 g - a potion of heal wounds {unknown}
 o - a potion of cancellation {unknown}


   Skills:
 + Level 4.7 Fighting
 + Level 5.2 Axes
 + Level 3.1 Dodging
 + Level 2.6 Stealth


You had 4 spell levels left.
You didn't know any spells.
Your spell library contained the following spells:

 Spells                   Type           Power      Damage    Failure   Level
 Magic Dart               Conj           0%         1d3       100%        1
 Ensorcelled Hibernation  Hex/Ice        0%         N/A       100%        2
 Passwall                 Tmut/Erth      0%         N/A       100%        2
 Searing Ray              Conj           0%         2d4       100%        2
 Swiftness                Air            0%         N/A       100%        3
 Fulminant Prism          Conj/Hex       0%         3d6       100%        4


Dungeon Overview and Level Annotations

Branches:
Dungeon (3/15)

Altars:


Message History

The adder bites you but does no damage.
The frilled lizard bites you but does no damage.
You closely miss the adder. The bat hits you but does no damage.
The adder barely misses you.
The orc hits you with a +0 vorpal hand axe.
* * * LOW HITPOINT WARNING * * *
x2 The bat hits you.
* * * LOW HITPOINT WARNING * * *
The frilled lizard barely misses you.
You feel better. The bat hits you but does no damage.
You block the adder's attack.
The orc hits you with a +0 vorpal hand axe.
* * * LOW HITPOINT WARNING * * *
x2 The frilled lizard barely misses you.
You hit the orc but do no damage. The adder closely misses you.
The bat hits you but does no damage. The orc hits you but does no damage.
You hit the orc.
The orc is severely wounded.
The bat hits you but does no damage. The adder bites you.
* * * LOW HITPOINT WARNING * * *
You are poisoned.
The adder poisons you! The bat hits you but does no damage.
The frilled lizard bites you but does no damage.
The orc closely misses you.
l - a staff of poison (weapon)
You feel sick. The adder bites you.
* * * LOW HITPOINT WARNING * * *
The frilled lizard closely misses you. You block the bat's attack.
You hit the orc.
You kill the orc!
You feel sick. The bat barely misses you. The bat closely misses you.
The adder barely misses you. The frilled lizard bites you.
* * * LOW HITPOINT WARNING * * *
You closely miss the orc.
You feel sick. The bat closely misses you. The adder completely misses you.
The bat closely misses you. The orc hits you but does no damage.
The frilled lizard barely misses you. The adder bites you.
* * * LOW HITPOINT WARNING * * *
You hit the orc but do no damage.
You die...

#..............
##...........†.
##...^.#.....# ##
####.#..##.##### ..
###.....[......#
#.#.####.......##.....#
......................#
#.....b.)########.....#
..#.###S@.##### #.....#
......#o#l....# #.#####
.........####.# #.#
.......†.####.. ...
...............
.#.......####..
##......# .........#
.#.......#


You could see an adder, an orc, a bat and a frilled lizard.

Vanquished Creatures
  An ogre (D:2)
  An adder (D:2)
  A worm (D:2)
  A dart slug (D:2)
  5 orcs (D:3)
  An endoplasm (D:1)
  6 giant cockroaches
  2 goblins
  3 hobgoblins
  2 kobolds
  A quokka (D:2)
  10 ball pythons
  3 bats
  2 frilled lizards
  4 rats (D:1)
43 creatures vanquished.

Notes
Turn   | Place    | Note
-------+----------+-------------------------------------------
     0 | D:1      | fknight the Hill Orc Monk began the quest for the Orb.
     0 | D:1      | Reached XP level 1. HP: 19/19 MP: 1/1
   236 | D:1      | Found a faded altar of an unknown god.
   360 | D:1      | Reached XP level 2. HP: 17/27 MP: 2/2
  1284 | D:2      | Reached XP level 3. HP: 33/33 MP: 3/3
  1739 | D:2      | Noticed an ogre
  2057 | D:2      | Killed an ogre
  2058 | D:2      | Reached skill level 5 in Axes
  2058 | D:2      | Reached XP level 4. HP: 9/41 MP: 4/4
  2058 | D:2      | Reached XP level 5. HP: 10/47 MP: 5/5
  2950 | D:3      | HP: 2/47 [adder (2)]
  2951 | D:3      | Succumbed to an adder's poison

Illustrated notes

Levels and vault maps discovered:
D:1:      giann_wishing_wells, layout_basic, hellmonk_ecumenical_altar_lost_god
D:2:      layout_basic
D:3:      layout_rooms, st_stairs_3, uniq_jessica, uniq_robin

Skill      XL: |  1  2  3 |
---------------+----------+-----
Stealth        | 2 |  2.6
Fighting       | 4 |  4.7
Axes           | 5 |  5.2
Dodging        | 3 |  3.1

Action                   |  1- 3 |  4- 6 || total
-------------------------+-------+-------++-------
Melee: Hand axe          |    67 |       ||    67
       Dagger            |    86 |    81 ||   167
       Staff             |       |     3 ||     3
Throw: Boomerang         |    11 |       ||    11
  Use: Scroll            |     3 |     2 ||     5
       Potion            |       |     2 ||     2
 Stab: Sleeping          |     1 |       ||     1
Armor: Robe              |    19 |       ||    19
       Chain mail        |    61 |    92 ||   153
Dodge: Dodged            |    78 |    64 ||   142
Block: Buckler           |    23 |    30 ||    53
